 Dungeon Crawl Stone Soup version 0.28.0-1-gb440e238dd (webtiles) character file.

Game seed: 5076397117675820594

13076 croobank the Cleaver (level 11, 0/74 HPs)
             Began as a Green Draconian Fire Elementalist on Feb 21, 2022.
             Slain by a seven-headed hydra (13 damage)
             ... on level 2 of the Lair of Beasts.
             The game lasted 01:04:56 (11776 turns).

croobank the Cleaver (DrFE)                        Turns: 11776, Time: 01:04:57

Health: 0/74       AC: 12    Str: 11    XL:     11   Next: 70%
Magic:  12/23      EV: 12    Int: 20    God:
Gold:   704        SH:  4    Dex: 11    Spells: 6/26 levels left

rFire   . . .      SeeInvis .   a - +6 executioner's axe (freeze)
rCold   . . .      Faith    .   (shield currently unavailable)
rNeg    . . .      Spirit   .   (armour unavailable)
rPois   +          Reflect  .   (helmet restricted)
rElec   .          Harm     .   n - +2 cloak
rCorr   .          Rampage  .   G - +1 Delatra's gloves {ID++}
Will    +....                   (no boots)
Stlth   ++........              C - amulet of regeneration
HPRegen 1.02/turn               H - ring of willpower
MPRegen 0.18/turn               D - ring of wizardry

@: no status effects
A: breathe noxious fumes, AC +7, unfitting armour, poison resistance,
cold-blooded, large bone plates 1, wild magic 1
a: Breathe Noxious Fumes


You were on level 2 of the Lair of Beasts.
You visited 2 branches of the dungeon, and saw 11 of its levels.
You also visited: Ossuary.

You collected 704 gold pieces.

Inventory:

Hand Weapons
 a - a +6 executioner's axe of freezing (weapon)
 b - a +0 hunting sling
 c - a +1 dagger of speed
 g - a +1 dagger of speed
 j - a +0 shortbow
 k - a +1 dagger of venom
 m - a +3 spear
 q - a +4 short sword
 y - a +0 battleaxe
 F - a +0 dagger of speed
Missiles
 h - 35 bolts
 l - 364 stones
 o - 11 poisoned darts
 p - 213 arrows
 B - 5 throwing nets
 I - 37 sling bullets
Armour
 f - a +0 kite shield
 n - a +2 cloak (worn)
 G - the +1 Delatra's gloves (worn) {ID++}
   (You found it on level 7 of the Dungeon)

   It heals its wearer when they drink unknown potions.
   It restores its wearer's MP when they read unknown scrolls.
Magical Staves
 v - a staff of conjuration
Jewellery
 e - a ring of protection from fire
 z - a ring of protection from fire
 C - an amulet of regeneration (around neck)
 D - a ring of wizardry (right hand)
 H - a ring of willpower (left hand)
 J - a +4 ring of evasion
 N - a ring of wizardry
Wands
 r - a wand of flame (23)
 x - a wand of iceblast (2)
 E - a wand of paralysis (6)
Scrolls
 i - 3 scrolls of immolation
 u - a scroll of identify
Potions
 d - a potion of brilliance
 t - a potion of berserk rage {unknown}
 w - a potion of ambrosia
 A - a potion of flight
 K - a potion of haste
 L - 2 potions of invisibility
 M - a potion of might


   Skills:
 + Level 13.6 Axes
 - Level 2.5 Dodging
 - Level 2.7 Stealth
 + Level 8.4 Spellcasting
 - Level 2.2 Conjurations
 + Level 3.6 Hexes
 - Level 3.6 Fire Magic
 - Level 8.8 Poison Magic


You had 6 spell levels left.
You knew the following spells:

 Your Spells              Type           Power      Damage    Failure   Level
a - Foxfire               Conj/Fire      100%       2x1d9     1%          1
b - Scorch                Fire           58%        2d7       1%          2
c - Flame Wave            Conj/Fire      26%        2d7       13%         4
d - Poisonous Vapours     Pois/Air       68%        N/A       1%          2
e - Olgreb's Toxic Radia  Pois           54%        N/A       1%          4
f - Frozen Ramparts       Ice            20%        1d4       13%         3
g - Cause Fear            Hex            15%        N/A       11%         4

Your spell library contained the following spells:

 Spells                   Type           Power      Damage    Failure   Level
 Sting                    Tmut/Pois      100%       1d8       1%          1
 Inner Flame              Hex/Fire       30%        N/A       3%          3
 Conjure Flame            Conj/Fire      26%        6-21      4%          3
 Animate Skeleton         Necr           20%        N/A       5%          1
 Apportation              Tloc           20%        N/A       5%          1
 Pain                     Necr           40%        1d6       5%          1
 Summon Small Mammal      Summ           40%        N/A       5%          1
 Blink                    Tloc           20%        N/A       7%          2
 Portal Projectile        Hex/Tloc       40%        N/A       7%          3
 Ice Form                 Ice/Tmut       10%        N/A       38%         4
 Petrify                  Tmut/Erth      10%        N/A       38%         4
 Summon Ice Beast         Ice/Summ       10%        N/A       38%         4
 Metabolic Englaciation   Hex/Ice        10%        N/A       45%         5
 Agony                    Necr           10%        N/A       69%         5
 Blade Hands              Tmut           5%         N/A       69%         5
 Excruciating Wounds      Necr           5%         N/A       69%         5
 Manifold Assault         Tloc           10%        N/A       69%         5
 Iron Shot                Conj/Erth      8%         9d3       97%         6
 Statue Form              Tmut/Erth      6%         N/A       99%         6
 Dragon Form              Tmut           5%         N/A       100%        7
 Storm Form               Tmut/Air       5%         N/A       100%        7
 Borgnjor's Revivificati  Necr           5%         N/A       100%        8
 Discord                  Hex            15%        N/A       100%        8
 Necromutation            Tmut/Necr      5%         N/A       100%        8
 Death's Door             Necr           5%         N/A       100%        9
 Dragon's Call            Summ           5%         N/A       100%        9
 Animate Armour           Summ/Erth      Unusable   N/A       N/A         4

Dungeon Overview and Level Annotations

Branches:
Dungeon (11/15)            Temple (0/1) D:7            Lair (2/6) D:11
  Swamp (0/4) Lair:2      Ossuary (visited)
  Snake: Lair:2-4    Spider: Lair:2-4       Orc: D:9-12

Altars:
Cheibriados
Dithmenos
Elyvilon
Makhleb
Okawaru
Yredelemnul

Shops:
D:3 ((   D:8 *   D:10 *

Annotations:
D:7 1 runed translucent door, bande's ghost, novice GrFi
D:10 3 runed translucent doors, zeram's ghost, novice GrFi


Innate Abilities, Weirdness & Mutations

You can breathe blasts of noxious fumes.
Your lurid green scales are hard. (AC +7)
You cannot fit into any form of body armour.
Your system is resistant to poisons. (rPois)
You are cold-blooded and may be slowed by cold attacks.
You are partially covered in large bone plates. (SH +4)
Your spells are a little harder to cast, but a little more powerful.


Message History

The foxfire hits the seven-headed hydra.
The seven-headed hydra is moderately wounded.
Casting: Foxfire (safe; 1% risk of failure)
Confirm with . or Enter, or press ? or * to list all spells.
You conjure some foxfire!
The foxfire hits the seven-headed hydra.
The seven-headed hydra is moderately wounded.
The foxfire hits the seven-headed hydra.
The seven-headed hydra is moderately wounded.
Casting: Foxfire (safe; 1% risk of failure)
Confirm with . or Enter, or press ? or * to list all spells.
Flames lash the seven-headed hydra.
The seven-headed hydra is moderately wounded.
The seven-headed hydra's fire resistance burns away.
Casting: Scorch (safe; 1% risk of failure)
Confirm with . or Enter, or press ? or * to list all spells.
Flames lash the seven-headed hydra.
The seven-headed hydra is burned terribly!
The seven-headed hydra is heavily wounded.
The seven-headed hydra bites you! The seven-headed hydra bites you.
The seven-headed hydra bites you!
You block the seven-headed hydra's attack.
The seven-headed hydra bites you.
The seven-headed hydra completely misses you.
The seven-headed hydra bites you.
Casting: Scorch (safe; 1% risk of failure)
Confirm with . or Enter, or press ? or * to list all spells.
Flames lash the seven-headed hydra.
The seven-headed hydra is burned terribly!
The seven-headed hydra is heavily wounded.
The seven-headed hydra closely misses you.
The seven-headed hydra bites you!
The seven-headed hydra barely misses you.
The seven-headed hydra bites you.
* * * LOW HITPOINT WARNING * * *
The seven-headed hydra bites you!
* * * LOW HITPOINT WARNING * * *
The seven-headed hydra barely misses you.
The seven-headed hydra bites you!
You die...

................ .....>.....
............P.##.. ....P.#####
..#..##.....###..## .####
...#+###...#......# .#.# ..#...#
..........##....# ....# .##...+
...........#..... .....
.#.+.##.....#.....#.....## ....#
..#..###..........##.....# .##+.
(...............@.#.....#######..
...........##..D####......#.##...
...........#....####.............
................................<
......>..........................
.................................
...............#..##.............
.##.#.#........##.###.....P#.#...
###.####......#....##......###.P.


You could see a seven-headed hydra (combustible).

Vanquished Creatures
  Harold (D:10)
  A hydra (Lair:2)
  3 death yaks (D:10)
  A cyclops (D:11)
  4 cane toads
  2 rime drakes
  A komodo dragon (Lair:2)
  A hornet (D:8)
  Prince Ribbit (D:9)
  A shadow (D:10)
  5 yaks (Lair:1)
  4 fire bats (Lair:1)
  4 steam dragons
  A fire elemental (Lair:1)
  A basilisk (Lair:2)
  A swamp worm (Lair:2)
  3 water moccasins
  Duvessa (D:4)
  An acid dragon (D:9)
  4 orc warriors
  A black bear (D:7)
  A necrophage (D:7)
  2 ogres (D:4)
  10 centaurs
  2 kobold brigands
  A bullfrog (Lair:2)
  2 gnoll sergeants (D:9)
  A wyvern skeleton (D:7)
  2 water moccasin zombies (Ossuary)
  Dowan (D:4)
  4 howler monkeys
  2 centaur zombies
  6 orc priests
  4 jellies
  A gnoll shaman (D:7)
  8 orc wizards
  6 hell rats (Lair:2)
  A killer bee zombie (D:8)
  2 mummies (Ossuary)
  3 howler monkey zombies (D:9)
  7 gnolls
  6 adders
  A river rat (D:11)
  A shadow imp (D:7)
  6 adder zombies (Ossuary)
  2 worms (D:2)
  2 dart slugs
  9 orcs
  9 ball pythons
  8 bats
  6 endoplasms
  A giant cockroach (D:3)
  7 gnoll zombies (Ossuary)
  6 goblins
  7 hobgoblins
  3 jackals (D:1)
  A quokka (D:4)
  4 hobgoblin zombies (Ossuary)
  18 kobolds
  6 kobold zombies (Ossuary)
  7 orc zombies (Ossuary)
  8 rats
226 creatures vanquished.

Vanquished Creatures (collateral kills)
  2 hydras (Lair:2)
  2 bullfrogs (Lair:2)
4 creatures vanquished.

Vanquished Creatures (others)
  283 foxfires
  10 fungi (Lair:2)
  8 plants (Lair:2)
301 creatures vanquished.

Grand Total: 531 creatures vanquished

Notes
Turn   | Place    | Note
-------+----------+-------------------------------------------
     0 | D:1      | croobank the Draconian Fire Elementalist began the quest
                  | for the Orb.
     0 | D:1      | Reached XP level 1. HP: 14/14 MP: 3/3
   242 | D:1      | Identified a scroll of acquirement
   242 | D:1      | Acquired a +2 executioner's axe of freezing
   247 | D:1      | Reached XP level 2. HP: 20/20 MP: 1/5
   770 | D:1      | Learned a level 2 spell: Scorch
   988 | D:2      | Reached XP level 3. HP: 26/26 MP: 1/6
  1479 | D:2      | Reached XP level 4. HP: 33/33 MP: 4/7
  2041 | D:3      | Found Kiblis's Antique Weapon Shop.
  2407 | D:3      | Found Tucu's Antique Weapon Shoppe.
  2706 | D:3      | Learned a level 4 spell: Flame Wave
  2732 | D:3      | Reached XP level 5. HP: 38/38 MP: 7/9
  2970 | D:4      | Found a sand-covered staircase.
  2977 | Ossuary  | Entered an ossuary
  3007 | Ossuary  | Reached skill level 2 in Axes
  3197 | Ossuary  | Reached skill level 3 in Axes
  3326 | Ossuary  | Reached XP level 6. HP: 45/45 MP: 1/10
  3644 | D:4      | Reached skill level 4 in Axes
  3652 | D:4      | Noticed Duvessa
  3795 | D:4      | Killed Duvessa
  3877 | D:4      | Reached skill level 5 in Axes
  3879 | D:4      | Your scales start taking on a lurid green colour.
  3879 | D:4      | Reached XP level 7. HP: 25/50 MP: 1/11
  3879 | D:4      | Gained mutation: Your system is resistant to poisons.
                  | (rPois) [Green Draconian growth]
  4060 | D:4      | Reached skill level 6 in Axes
  4147 | D:4      | Found a snail-covered altar of Cheibriados.
  4147 | D:4      | Found a shadowy altar of Dithmenos.
  4148 | D:4      | Found a burning altar of Makhleb.
  4155 | D:4      | Noticed Dowan
  4158 | D:4      | Killed Dowan
  4316 | D:4      | You fall into a shaft and drop 3 floors!
  4317 | D:7      | Found a staircase to the Ecumenical Temple.
  4548 | D:7      | Reached skill level 7 in Axes
  4828 | D:7      | Found the +1 Delatra's gloves {ID++}
  5101 | D:7      | Reached skill level 8 in Axes
  5101 | D:7      | Reached XP level 8. HP: 57/57 MP: 1/12
  5286 | D:7      | Found a basalt altar of Yredelemnul.
  5414 | D:7      | Learned a level 2 spell: Poisonous Vapours
  5417 | D:7      | Found a runed translucent door.
  5417 | D:7      | Noticed bande's ghost (novice GrFi)
  5834 | D:8      | Reached skill level 9 in Axes
  6076 | D:8      | Found Sirisen's Overcharged Wands.
  6222 | D:8      | Noticed a hornet
  6237 | D:8      | Gained mutation: Your spells are a little harder to cast,
                  | but a little more powerful. [potion of mutation]
  6237 | D:8      | Gained mutation: You are partially covered in large bone
                  | plates. (SH +4) [potion of mutation]
  6247 | D:8      | Killed a hornet
  6450 | D:8      | Reached skill level 10 in Axes
  6901 | D:9      | Reached XP level 9. HP: 57/62 MP: 13/13
  6955 | D:9      | Learned a level 4 spell: Olgreb's Toxic Radiance
  7051 | D:9      | Found a white marble altar of Elyvilon.
  7246 | D:9      | Reached skill level 1 in Poison Magic
  7253 | D:9      | Reached skill level 11 in Axes
  7400 | D:9      | Noticed a two-headed ogre
  7423 | D:9      | Noticed Prince Ribbit
  7423 | D:9      | Noticed a troll
  7439 | D:9      | HP: 3/62 [acid dragon/splash of acid (22)]
  7447 | D:10     | Entered Level 10 of the Dungeon
  7851 | D:10     | Found Adifood's Mayhem Merchandise.
  7966 | D:9      | Learned a level 3 spell: Frozen Ramparts
  8471 | D:9      | Killed Prince Ribbit
  8472 | D:9      | Reached skill level 5 in Poison Magic
  8537 | D:10     | Noticed Harold
  8545 | D:10     | Killed Harold
  8546 | D:10     | Reached skill level 5 in Spellcasting
  8546 | D:10     | Reached XP level 10. HP: 46/69 MP: 17/17
  9138 | D:10     | Found a runed translucent gate.
  9140 | D:10     | Found a runed translucent gate.
  9140 | D:10     | Found a runed translucent gate.
  9141 | D:10     | Noticed a spectral centaur warrior
  9145 | D:10     | Noticed a spectral centaur warrior
  9145 | D:10     | Noticed zeram's ghost (novice GrFi)
  9295 | D:11     | Reached skill level 12 in Axes
  9412 | D:11     | Found a staircase to the Lair.
  9412 | D:11     | Noticed a death yak
  9413 | D:11     | Noticed a death yak
  9420 | D:11     | Noticed a death yak
  9443 | D:10     | Killed a death yak
  9448 | D:10     | Killed a death yak
  9672 | D:10     | Killed a death yak
  9874 | D:11     | Learned a level 4 spell: Cause Fear
  9889 | D:11     | Noticed a cyclops
  9895 | D:11     | Killed a cyclops
  9905 | D:11     | Noticed a skeletal warrior
  9908 | Lair:1   | Entered Level 1 of the Lair of Beasts
 10025 | Lair:1   | Reached XP level 11. HP: 72/74 MP: 17/21
 10184 | Lair:1   | Noticed a seven-headed hydra
 10298 | Lair:1   | Reached skill level 13 in Axes
 10779 | Lair:2   | Reached skill level 1 in Hexes
 10838 | Lair:2   | Noticed a six-headed hydra
 10850 | Lair:2   | Killed a six-headed hydra
 10884 | Lair:2   | Found an iron altar of Okawaru.
 11326 | Lair:2   | Noticed a four-headed hydra
 11332 | Lair:2   | Killed a four-headed hydra
 11439 | Lair:2   | Noticed a six-headed hydra
 11456 | Lair:2   | Killed a six-headed hydra
 11690 | Lair:2   | Found a staircase to the Swamp.
 11766 | Lair:2   | Noticed a seven-headed hydra
 11776 | Lair:2   | Slain by a seven-headed hydra

Illustrated notes

Levels and vault maps discovered:
D:1:      mrwooster_arrival_statue_3, layout_basic, minmay_distorted
D:2:      wad_crossroads, layout_rooms
D:3:      layout_loops_cross, serial_shops, shop_coins, shop
D:4:      layout_cave_pools, gammafunk_temple_overflow_claw,
          nicolae_ossuary_entry_ruins, gammafunk_ghost_mausoleum, uniq_pargi,
          uniq_natasha, uniq_duvessa
D:7:      layout_loops_ring, overflow_temple_1_default,
          minmay_temple_entry_proselytizer, ebering_ghost_inner_flame,
          grunt_decor_mini_mirrors
D:8:      layout_basic, nicolae_shop_overcharged_wands
D:9:      minmay_recursive_quarters, layout_basic, mainiacjoe_overflow_alcove_4,
          uniq_prince_ribbit1
D:10:     layout_rooms, gammafunk_ghost_necromancy, minmay_shop_mayhem,
          uniq_harold
D:11:     minmay_quarter_circles, layout_irregular_city, dpeg_lair_monsters,
          serial_column_ruins, column_ruins_square_medium,
          column_ruins_corridor_corner, column_ruins_grid_3,
          column_ruins_columns_corner, uniq_urug, uniq_erolcha, uniq_nergalle
Lair:1:   layout_gridlike, grunt_megastairs_4, lemuel_fruit_tree
Lair:2:   layout_regular_city, palyth_hydra_swamp_entry, basic_altar

Skill      XL: |  1  2  3  4  5  6  7  8  9 10 11 |
---------------+----------------------------------+-----
Stealth        | 2 |  2.7
Dodging        | 2 |  2.5
Conjurations   | 2 |  2.2
Axes           | 3 5 8 10 11 12 13 | 13.6
Spellcasting   | 5 7 8 |  8.4
Poison Magic   | 5 8 |  8.8
Hexes          | 3 |  3.6
Fire Magic     | |  3.6

Action                   |  1- 3 |  4- 6 |  7- 9 | 10-12 || total
-------------------------+-------+-------+-------+-------++-------
Melee: Unarmed           |     7 |       |       |       ||     7
       Dagger            |     4 |       |       |       ||     4
       Tailslap          |     4 |     5 |    11 |    26 ||    46
       Executioner's axe |    13 |    73 |   152 |   123 ||   361
 Cast: Foxfire           |    42 |    47 |    44 |    30 ||   163
       Scorch            |     6 |    23 |    36 |    35 ||   100
       Flame Wave        |       |       |     2 |       ||     2
       Olgreb's Toxic Ra |       |       |       |     3 ||     3
 Abil: Breathe Noxious F |       |       |     4 |     5 ||     9
Evoke: Wand              |       |       |     1 |     2 ||     3
  Use: Scroll            |     2 |     4 |     7 |     7 ||    20
       Potion            |       |       |    12 |     2 ||    14
 Stab: Sleeping          |       |     3 |     2 |     1 ||     6
       Confused          |       |       |     1 |     1 ||     2
       Paralysed         |       |       |     1 |       ||     1
Armor: Skin              |    10 |    34 |   129 |    58 ||   231
Dodge: Dodged            |    27 |    63 |   164 |    83 ||   337
Block: Other             |       |       |    28 |    21 ||    49
